 Dungeon Crawl Stone Soup version 0.32-a0-886-g41c5271027 (webtiles) character file.

Game seed: 13692243453635599610

2631 RyanvdBrokko the Magician (level 9, -5/61 HPs)
             Began as a Djinni Fire Elementalist on Apr 2, 2024.
             Was an Initiate of Beogh.
             Slain by a shadow (25 damage)
             ... on level 6 of the Dungeon.
             The game lasted 01:08:05 (8437 turns).

RyanvdBrokko the Magician (DjFE)                    Turns: 8437, Time: 01:08:06

Health: -5/61      AC: 11    Str:  7    XL:     9   Next: 92%
Gold:   363        EV: 11    Int: 24    God:    Beogh [......] SH:  0 Dex: 17

rFire   + + .        Y - staff of conjuration
rCold   x . .        (no shield)
rNeg    + . .        b - +2 ring mail {rN+}
rPois   ∞            G - +2 helmet
rElec   .            (no cloak)
rCorr   +            (no gloves)
SInv    .            (boots unavailable)
Will    .....        d - amulet of the acrobat
Stlth   +            c - +6 ring of intelligence
HPRegen 0.30/turn    n - ring of resist corrosion
MPRegen 0.00/turn

%: acrobat, infuse magic (-6 HP)
@: confused, ambrosia-drunk, flying
A: sickness immunity, fire resistance 2, cold vulnerability 1, float, innate
caster, HP casting, extra vitality 1
a: Renounce Religion


You were on level 6 of the Dungeon.
You worshipped Beogh.
Beogh was noncommittal.
You visited 1 branch of the dungeon, and saw 6 of its levels.

You collected 363 gold pieces.

Inventory:

Hand Weapons
 h - a +0 falchion
 l - a +1 trident of protection
 m - a +0 shortbow
 p - a +0 whip
 r - a +0 giant club
 u - a +3 dagger
 y - a +1 quarterstaff
 z - a +0 orcbow
 E - a +0 club
 K - a +0 dagger
 M - a +0 dagger
 R - a +0 club
 T - a +0 sling
 U - a +0 flail
 V - a +0 mace
 Z - a +0 dagger
Missiles
 f - 66 stones
 g - 2 curare-tipped darts
Armour
 a - a +0 robe
 b - a +2 ring mail of positive energy (worn)
 k - a +0 leather armour
 t - a +0 ring mail
 v - a +1 robe of willpower
 x - a +0 leather armour
 G - a +2 helmet (worn)
 H - a +0 buckler
 I - a +0 leather armour
 L - a +0 leather armour
 N - a +0 chain mail
 P - a +0 ring mail of poison resistance
 S - a +0 robe
 W - a +0 ring mail
 X - a +0 leather armour
Magical Staves
 Y - a staff of conjuration (weapon)
Jewellery
 c - a +6 ring of intelligence (left hand)
 d - an amulet of the acrobat (around neck)
 n - a ring of resist corrosion (right hand)
Wands
 e - a wand of flame (23)
Scrolls
 w - a scroll of fear
 F - 2 scrolls of teleportation
Potions
 j - a potion of cancellation {unknown}
 o - 2 potions of might {unknown}
 q - a potion of heal wounds {unknown}
 s - a potion of degeneration
 C - a potion of attraction {unknown}


   Skills:
 + Level 3.4 Fighting
 + Level 2.1 Staves
 + Level 5.4 Armour
 + Level 6.0 Dodging
 + Level 4.5 Stealth
 + Level 0.6 Unarmed Combat
 + Level 6.8 Spellcasting
 + Level 6.8 Conjurations
 + Level 6.8 Hexes
 + Level 6.8 Summonings
 + Level 6.8 Necromancy
 + Level 6.8 Translocations
 + Level 6.8 Fire Magic
 + Level 6.8 Ice Magic
 + Level 6.8 Air Magic
 + Level 6.8 Earth Magic
 + Level 6.8 Alchemy


You knew the following spells:

 Your Spells              Type           Power      Damage    Failure   Level
a - Foxfire               Conj/Fire      100%       2x1d9     1%          1
b - Scorch                Fire           82%        2d8       1%          2
c - Volatile Blastmotes   Fire/Tloc      82%        2d16      4%          3
d - Inner Flame           Hex/Fire       41%        N/A       4%          3
e - Flame Wave            Conj/Fire      58%        2d14      13%         4
f - Sandblast             Erth           82%        2d17      1%          1
g - Ensorcelled Hibernat  Hex/Ice        82%        N/A       1%          2
h - Lesser Beckoning      Tloc           82%        N/A       1%          2
i - Animate Dead          Necr           41%        N/A       13%         4
Your spell library was empty.

Dungeon Overview and Level Annotations

Branches:
Dungeon (6/15)
 Temple: D:4-7

Altars:
Dithmenos
Gozag
Hepliaklqana
Okawaru
Trog
Uskayaw


Innate Abilities, Weirdness & Mutations

You are immune to sickness and miasma.
You are immune to poison.
Your flesh is very heat resistant. (rF++)
You are vulnerable to cold. (rC-)
You float through the air rather than walking.
You learn spells naturally, not from books.
Your magical power is your life essence.
You have superior vitality. (+4 MHP)


Message History

You are confused.
The orc warrior hits your centaur zombie with a +0 scimitar.
Your centaur zombie hits the orc warrior but does no damage.
Your centaur zombie barely misses the orc warrior.
You're too confused to cast spells.
You bump into the rock wall.
Your centaur zombie barely misses the orc warrior.
Your centaur zombie kicks the orc warrior.
The vampire hits you! The vampire bites you!
The orc warrior hits your centaur zombie with a +0 scimitar.
You're too confused to cast spells.
You hit your centaur zombie but do no damage.
Your centaur zombie is almost destroyed.
Your centaur zombie hits the vampire.
Your centaur zombie closely misses the vampire.
A gnoll sergeant comes into view. It is wielding a +0 spear.
The vampire hits your centaur zombie.
Your centaur zombie is destroyed!
Unknown command.
You are too confused!
You bump into the rock wall.
The vampire barely misses you. The vampire bites you.
The orc warrior hits you with a +0 scimitar.
The orc warrior hits you with a +0 scimitar!
* * * LOW HITPOINT WARNING * * *
A shadow comes into view.
You are more confused.
You feel invigorated. The gnoll sergeant barely misses you.
The orc warrior hits you but does no damage.
The shadow slips into darkness.
The shadow flickers and vanishes!
Deactivating autopickup; reactivate with Ctrl-A.
The vampire closely misses you. The vampire barely misses you.
Autopickup is now on.
Deactivating autopickup; reactivate with Ctrl-A.
You hit something.
You blast something.
The gnoll sergeant hits you but does no damage.
The orc warrior hits you with a +0 scimitar!
The shadow strikes at you from the darkness!
You die...

#.#.###..#
#...# #..#
#.### #..### #.
.#.# #..... #.#
#.#.# #<####
#..# #..#.#
#.#### #..#
##g.##># #.....
#..###V.# #.#
######
#..#@o#.##.#
#.{.#.#.### ###
##)###### #.#
#.##...########
#.#
#.............#
#.#
####...######.#
#.# ##.## #.#
#.# #.# #.#####
#.########.#
#.....<


You could see a vampire, an orc warrior and a gnoll sergeant.

Vanquished Creatures
  The ghost of P0WERM0DE the Trooper, an amateur CoCK of Xom (D:4)
  The ghost of koorschki the Sneak, an amateur DsBr (D:5)
  2 water moccasins
  Duvessa (D:5)
  3 black bears
  An ice beast (D:5)
  2 ogres (D:5)
  3 centaurs
  2 phantoms
  2 scorpions (D:5)
  Dowan (D:5)
  2 howler monkeys (D:5)
  6 bombardier beetles
  A hound (D:4)
  3 orc priests
  4 iguanas
  Ijyb (D:5)
  4 orc wizards
  6 adders
  A river rat (D:5)
  A shadow imp (D:6)
  4 ufetubi
  A ribbon worm (D:2)
  A dart slug (D:5)
  19 orcs
  6 ball pythons
  4 bats
  7 endoplasms
  7 giant cockroaches
  9 hobgoblins
  A jackal (D:5)
  4 quokkas
  3 frilled lizards
  7 goblins
  11 kobolds
  21 rats
153 creatures vanquished.

Vanquished Creatures (collateral kills)
  An adder (D:5)
1 creature vanquished.

Vanquished Creatures (others)
  An arcanist (D:4)
  A centaur zombie (D:6)
  A howler monkey zombie (D:5)
  A bombardier beetle zombie (D:6)
  115 foxfires
119 creatures vanquished.

Grand Total: 273 creatures vanquished

Notes
Turn   | Place    | Note
-------+----------+-------------------------------------------
     0 | D:1      | RyanvdBrokko the Djinni Fire Elementalist began the quest
                  | for the Orb.
     0 | D:1      | RyanvdBrokko set off with the following spells memorised:
                  | Foxfire, Scorch, Volatile Blastmotes, Inner Flame, Flame
                  | Wave.
     0 | D:1      | Reached XP level 1. HP: 15/15 MP: 0/0
   137 | D:1      | Reached XP level 2. HP: 15/21 MP: 0/0
   776 | D:1      | Reached XP level 3. HP: 24/25 MP: 0/0
   776 | D:1      | Learned a level 1 spell: Sandblast
  1612 | D:2      | Reached XP level 4. HP: 22/31 MP: 0/0
  2559 | D:2      | Reached skill level 1 in Staves
  3005 | D:3      | Reached XP level 5. HP: 34/36 MP: 0/0
  3005 | D:3      | Learned a level 2 spell: Ensorcelled Hibernation
  3230 | D:3      | Found an opulent altar of Gozag.
  3426 | D:3      | Reached skill level 1 in Fighting
  3450 | D:3      | Reached XP level 6. HP: 36/42 MP: 0/0
  4124 | D:4      | Found a runed translucent gate.
  4124 | D:4      | Found a runed translucent gate.
  4125 | D:4      | Found a runed translucent gate.
  4163 | D:4      | Noticed P0WERM0DE's ghost (amateur CoCK)
  4178 | D:4      | Found an iron altar of Okawaru.
  4178 | D:4      | Found a hazy altar of Hepliaklqana.
  4249 | D:4      | Found a shadowy altar of Dithmenos.
  4262 | D:4      | Became a worshipper of Beogh the Shepherd
  4416 | D:4      | Killed P0WERM0DE's ghost
  4417 | D:4      | Reached XP level 7. HP: 36/49 MP: 0/0
  4417 | D:4      | Learned a level 2 spell: Lesser Beckoning
  4604 | D:4      | Found a bloodstained altar of Trog.
  4605 | D:4      | Noticed a wizard
  4611 | D:4      | Killed a wizard
  5003 | D:4      | You are sucked into a shaft and drop 1 floor!
  5003 | D:5      | Entered Level 5 of the Dungeon
  5135 | D:5      | Found a runed translucent door.
  5154 | D:5      | Noticed koorschki's ghost (amateur DsBr)
  5346 | D:5      | Killed koorschki's ghost
  5347 | D:5      | Reached XP level 8. HP: 39/55 MP: 0/0
  5431 | D:5      | Found a runed translucent door.
  5627 | D:5      | Reached skill level 5 in Spellcasting
  5627 | D:5      | Reached skill level 5 in Conjurations
  5627 | D:5      | Reached skill level 5 in Hexes
  5627 | D:5      | Reached skill level 5 in Summonings
  5627 | D:5      | Reached skill level 5 in Necromancy
  5627 | D:5      | Reached skill level 5 in Translocations
  5627 | D:5      | Reached skill level 5 in Fire Magic
  5627 | D:5      | Reached skill level 5 in Ice Magic
  5627 | D:5      | Reached skill level 5 in Air Magic
  5627 | D:5      | Reached skill level 5 in Earth Magic
  5627 | D:5      | Reached skill level 5 in Alchemy
  5771 | D:5      | Noticed Ijyb
  5778 | D:5      | Killed Ijyb
  5778 | D:5      | Reached * piety under Beogh
  5779 | D:5      | Reached skill level 1 in Armour
  5917 | D:5      | Reached skill level 5 in Dodging
  6040 | D:5      | Was placed under penance by Beogh
  6041 | D:5      | Reached XP level 9. HP: 50/59 MP: 0/0
  6041 | D:5      | Learned a level 4 spell: Animate Dead
  6547 | D:5      | Noticed Dowan
  6548 | D:5      | Noticed Duvessa
  6555 | D:5      | Killed Dowan
  6562 | D:5      | Killed Duvessa
  7374 | D:6      | Was forgiven by Beogh
  7442 | D:6      | Found a hide-covered altar of Uskayaw.
  7495 | D:6      | Reached skill level 5 in Armour
  8437 | D:6      | Slain by a shadow

Illustrated notes

Levels and vault maps discovered:
D:1:      psy_arrival_dodecagon, layout_loops_corners, corexii_corridor_pit,
          st_stairs_9, minmay_stone_trees_medium
D:2:      layout_loops_ring, minmay_rat_hole
D:3:      layout_basic, lemuel_tele_altar
D:4:      layout_rooms, trog_wizard, grunt_temple_overflow_open,
          ebering_ghost_rock_garden
D:5:      minmay_chambers_of_threes, layout_loops_ring, serial_library,
          serial_library_hellmonk_u_bend, serial_library_hellmonk_open_square,
          serial_library_hellmonk_double_dead_end,
          serial_library_hellmonk_secret_room,
          serial_library_hellmonk_semicircle,
          serial_library_hellmonk_reading_circle,
          serial_library_hellmonk_small_corner, ebering_ghost_sewer_f,
          uniq_duvessa, uniq_ijyb
D:6:      minmay_diamond_boxcup, layout_loops_ring,
          mainiacjoe_overflow_concentric_impassable

Skill      XL: |  1  2  3  4  5  6  7  8  9 |
---------------+----------------------------+-----
Dodging        | 3 4 5 6 |  6.0
Stealth        | 2 3 4 |  4.5
Staves         | 1 2 |  2.1
Fighting       | 1 2 3 |  3.4
Spellcasting   | 4 5 6 |  6.8
Conjurations   | 4 5 6 |  6.8
Hexes          | 4 5 6 |  6.8
Summonings     | 4 5 6 |  6.8
Necromancy     | 4 5 6 |  6.8
Translocations | 4 5 6 |  6.8
Fire Magic     | 4 5 6 |  6.8
Ice Magic      | 4 5 6 |  6.8
Air Magic      | 4 5 6 |  6.8
Earth Magic    | 4 5 6 |  6.8
Alchemy        | 4 5 6 |  6.8
Armour         | 2 5 |  5.4
Unarmed Combat | |  0.6

Action                     |  1- 3 |  4- 6 |  7- 9 || total
---------------------------+-------+-------+-------++-------
  Melee: Unarmed           |    10 |       |       ||    10
         Quarterstaff      |     4 |    25 |       ||    29
         Staff             |       |       |     7 ||     7
   Cast: Foxfire           |    40 |    27 |    11 ||    78
         Sandblast         |    16 |    59 |    49 ||   124
         Inner Flame       |       |     1 |     7 ||     8
         Scorch            |       |    16 |    60 ||    76
         Ensorcelled Hiber |       |     1 |     7 ||     8
         Volatile Blastmot |       |       |     6 ||     6
         Lesser Beckoning  |       |       |     1 ||     1
         Animate Dead      |       |       |     7 ||     7
 Invoke: Convert to Beogh  |       |     1 |       ||     1
    Use: Scroll            |       |     7 |     9 ||    16
         Potion            |       |       |     5 ||     5
   Stab: Sleeping          |     1 |       |       ||     1
 Armour: Robe              |    17 |    45 |     5 ||    67
         Ring mail         |       |       |    87 ||    87
  Dodge: Dodged            |    21 |    43 |    86 ||   150

Table legend: (Time is in decaauts)
 A = Elapsed time spent in this place.
 B = Non-inter-level travel time spent in this place.
 C = Inter-level travel time spent in this place.
 D = Time resting spent in this place.
 E = Time spent auto-exploring this place.
 F = Levels seen in this place.
 G = Mean time per level.
                   A        B        C        D        E       F      G
               +--------+--------+--------+--------+--------+-----+--------+
         Total |   8504 |   6374 |   2130 |   2556 |   2436 |   6 | 1417.3 |
       Dungeon |   8504 |   6374 |   2130 |   2556 |   2436 |   6 | 1417.3 |
               +--------+--------+--------+--------+--------+-----+--------+

Top non-repeatable levels by time:
     D:5: 2351 daAuts
     D:2: 1615 daAuts
     D:1: 1286 daAuts
     D:4: 1266 daAuts
     D:6: 1104 daAuts
     D:3: 880 daAuts
